 Dungeon Crawl Stone Soup version 0.27-a0-1188-g73eefd5def (webtiles) character file.

Game seed: 7455376668451498738

6204 Feb132020 the Covert (level 10, 82/82 HPs)
             Began as a Gnoll Delver on May 21, 2021.
             Was a High Priest of Elyvilon.
             Quit the game on level 1 of the Lair of Beasts on May 22, 2021.
             The game lasted 01:07:47 (12759 turns).

Feb132020 the Covert (Gnoll Delver)                Turns: 12759, Time: 01:07:48

Health: 82/82      AC: 12    Str: 12    XL:     10   Next: 92%
Magic:  18/18      EV: 18    Int: 11    God:    Elyvilon [*****.]
Gold:   242        SH:  0    Dex: 23    Spells: 16/20 levels left

rFire    + . .     SeeInvis .   b - +3 shortbow of the Imperium {flame, rPois rF+ Dex+8}
rCold    . . .     Faith    .   (shield currently unavailable)
rNeg     . . .     Spirit   .   C - +2 robe {Will+}
rPois    +         Reflect  .   l - +1 helmet
rElec    .         Harm     .   y - +1 cloak
rCorr    .         Rampage  .   (no gloves)
Will     +....                  s - +2 pair of boots
Stlth    +++++.....             (no amulet)
HPRegen  0.23/turn              (no ring)
MPRegen  0.16/turn              (no ring)

@: no status effects
A: fangs 1, strong nose, distributed training
a: Renounce Religion, Lesser Healing, Heal Other, Purification, Greater Healing,
Divine Vigour, Divine Protection


You were on level 1 of the Lair of Beasts.
You worshipped Elyvilon.
Elyvilon was extremely pleased with you.
You visited 3 branches of the dungeon, and saw 11 of its levels.

You collected 356 gold pieces.
You spent 114 gold pieces at shops.

Inventory:

Hand Weapons
 a - a +4 short sword
 b - the +3 shortbow of the Imperium (weapon) {flame, rPois rF+ Dex+8}
   (You acquired it on level 6 of the Dungeon)

   It causes projectiles fired from it to burn those they strike, causing extra
   injury to most foes and up to half again as much damage against particularly
   susceptible opponents.
   It affects your dexterity (+8).
   It protects you from fire.
   It protects you from poison.
 e - a +5 vorpal broad axe
 o - a +0 rapier
 u - a +1 dagger of holy wrath
 B - a +0 short sword
Missiles
 j - 2 atropa-tipped darts
 k - 51 sling bullets
 w - 56 arrows (quivered ammo)
 z - 44 poisoned darts
 D - 210 stones
 G - 4 boomerangs of dispersal
 I - a throwing net
Armour
 f - a +0 leather armour
 l - a +1 helmet (worn)
 p - a +0 helmet
 s - a +2 pair of boots (worn)
 y - a +1 cloak (worn)
 C - a +2 robe of willpower (worn)
Jewellery
 L - a ring of see invisible
Wands
 g - a wand of digging (8)
 h - a wand of polymorph (12)
 A - a wand of flame (29)
 F - a wand of mindburst (12)
 J - a wand of iceblast (7)
Scrolls
 c - a scroll of fog
 d - a scroll of magic mapping
 i - a scroll of blinking {unknown}
 v - a scroll of teleportation
 x - a scroll of amnesia
 M - 3 scrolls of identify
Potions
 m - a potion of resistance
 n - 6 potions of curing
 q - a potion of magic
 r - a potion of flight
 t - 3 potions of heal wounds
 E - a potion of haste
 K - a potion of cancellation


   Skills:
 + Level 8.8 Fighting
 + Level 7.4 Short Blades
 + Level 5.7 Long Blades
 + Level 5.7 Axes
 + Level 5.7 Maces & Flails
 + Level 5.7 Polearms
 + Level 5.7 Staves
 + Level 5.7 Slings
 + Level 5.7 Bows
 + Level 5.7 Crossbows
 + Level 5.7 Throwing
 + Level 5.7 Armour
 + Level 7.4 Dodging
 + Level 11.0 Stealth
 + Level 5.7 Shields
 + Level 5.7 Unarmed Combat
 + Level 5.7 Spellcasting
 + Level 4.7 Conjurations
 + Level 4.7 Hexes
 + Level 4.7 Summonings
 + Level 4.7 Necromancy
 + Level 4.7 Translocations
 + Level 4.7 Transmutations
 + Level 4.7 Fire Magic
 + Level 4.7 Ice Magic
 + Level 4.7 Air Magic
 + Level 4.7 Earth Magic
 + Level 4.7 Poison Magic
 + Level 6.3 Invocations
 + Level 5.7 Evocations


You had 16 spell levels left.
You knew the following spells:

 Your Spells              Type           Power      Damage    Failure   Level
a - Corona                Hex            14%        N/A       2%          1
b - Sandblast             Erth           26%        2d8       2%          1
p - Passwall              Tmut/Erth      10%        N/A       4%          2

Your spell library contained the following spells:

 Spells                   Type           Power      Damage    Failure   Level
 Animate Skeleton         Necr           26%        N/A       2%          1
 Pain                     Necr           52%        1d6       2%          1
 Ensorcelled Hibernation  Hex/Ice        26%        N/A       4%          2
 Confusing Touch          Hex            13%        N/A       9%          3
 Dazzling Flash           Conj/Hex       26%        N/A       9%          3
 Stone Arrow              Conj/Erth      26%        3d8       9%          3
 Tukima's Dance           Hex            13%        N/A       9%          3
 Vampiric Draining        Necr           6%         2d6       9%          3
 Animate Dead             Necr           6%         N/A       28%         4
 Petrify                  Tmut/Erth      13%        N/A       28%         4
 Agony                    Necr           13%        N/A       61%         5
 Lee's Rapid Deconstruct  Erth           6%         3d7*      61%         5


Dungeon Overview and Level Annotations

Branches:
Dungeon (9/15)             Temple (1/1) D:6            Lair (1/6) D:9
    Orc: D:9-12

Altars:
Ashenzari
Cheibriados
Dithmenos
Elyvilon
Fedhas
Gozag
Hepliaklqana
Kikubaaqudgha
Makhleb
Nemelex Xobeh
Okawaru
Qazlal
Ru
Sif Muna
Trog
Uskayaw
Vehumet
Wu Jian
Xom
Yredelemnul
Zin
The Shining One

Shops:
D:3 *

Annotations:
D:2 Crazy Yiuf
D:7 exclusion: door


Innate Abilities, Weirdness & Mutations

You have very sharp teeth.
Your uncanny sense of smell can sniff out nearby items.
Your experience applies equally to all skills.


Message History

HP restored.
Welcome back, Feb132020 the Gnoll Delver.
Elyvilon says: Go forth and aid the weak!
Press ? for a list of commands and other information.
n - 6 potions of curing (gained 1)
Found a robe.
Found a stone staircase leading down.
A komodo dragon comes into view.
Fire: 60 arrows
Press: ? - help, Q - select action, (/) - cycle Shift-Dir - straight line, f - komodo dragon
Aim: a komodo dragon (wandering, hasn't noticed you, 76% to hit)
You shoot an arrow. The komodo dragon hisses angrily.
The arrow hits the komodo dragon but does no damage.
You hear a bellow!
A yak comes into view.
Fire: 59 arrows
Press: ? - help, Q - select action, (/) - cycle Shift-Dir - straight line, f/p - komodo dragon
Aim: a komodo dragon (76% to hit)
Okay, then.
Fire: 59 arrows
Press: ? - help, Q - select action, (/) - cycle Shift-Dir - straight line, f/p - komodo dragon
Aim: a komodo dragon (76% to hit)
You shoot an arrow. The arrow hits the komodo dragon!
The arrow burns the komodo dragon.
The komodo dragon is moderately wounded.
Fire: 58 arrows
Press: ? - help, Q - select action, (/) - cycle Shift-Dir - straight line, f/p - komodo dragon
Aim: a komodo dragon (moderately wounded, 76% to hit)
You shoot an arrow.
The arrow hits the komodo dragon but does no damage.
The komodo dragon is moderately wounded.
Fire: 57 arrows
Press: ? - help, Q - select action, (/) - cycle Shift-Dir - straight line, f/p - komodo dragon
Aim: a komodo dragon (moderately wounded, 76% to hit)
You shoot an arrow. The cane toad gives a loud, deep croak!
The arrow hits the komodo dragon.
The arrow burns the komodo dragon.
The komodo dragon is heavily wounded.
Are you sure you want to abandon this character and quit the game? (Confirm with "yes".)

...##.#...#.# #....#....#.# #
###.....#..... ...##.... ###.
#...F#...# #.
.....(###...##........# #.#
#.+...................+.#.##.#
..#8....Y8..>..8.....8#.#..#.#
+.....(.(((l..@.......#.##.# #
##....###..!.##...###.#[##.# ##
#..##...########....###...##.###.
....##....# #....###..#.##.....
.#..###F..####....## ##...#...##.
###)###(F...8....#. #.#......## #
#.##F##.......# . #..##...### #
#.##.####.8.###.# ##..##..## #
###.##..# #### #.####...#....###


You could see a komodo dragon and a cane toad.

Vanquished Creatures
  A two-headed ogre (D:9)
  Joseph (Lair:1)
  7 yaks
  A wyvern (D:8)
  An acid dragon (D:8)
  3 water moccasins
  2 black bears (D:9)
  A sky beast (D:8)
  2 orc warriors
  An ice beast (D:5)
  3 ogres
  A necrophage (D:5)
  5 wolves (Lair:1)
  A centaur (D:8)
  4 bullfrogs
  3 kobold brigands
  A scorpion (D:7)
  A wyvern skeleton (D:7)
  4 killer bees (D:8)
  2 water moccasin skeletons
  2 howler monkeys
  2 jellies
  A lava snake (D:7)
  A centaur zombie (D:6)
  A hound (D:4)
  A centaur skeleton (D:7)
  6 orc priests
  A gnoll shaman (D:5)
  3 iguanas
  9 orc wizards
  2 killer bee zombies (D:7)
  A hound skeleton (D:5)
  7 adders
  4 gnolls (D:5)
  2 howler monkey skeletons
  2 white imps
  An ufetubus (D:5)
  An adder skeleton (D:4)
  A worm (D:2)
  A dart slug (D:5)
  26 orcs
  5 endoplasms
  A giant cockroach (D:4)
  8 goblins
  8 hobgoblins
  19 kobolds
  4 quokkas
  5 ball pythons
  5 bats
  2 frilled lizards
  6 rats
183 creatures vanquished.

Vanquished Creatures (others)
  Maurice (D:8)
  2 cane toads (Lair:1)
  A bullfrog (Lair:1)
  9 fungi (Lair:1)
  29 plants
42 creatures vanquished.

Grand Total: 225 creatures vanquished

Notes
Turn   | Place    | Note
-------+----------+-------------------------------------------
     0 | D:5      | Reached skill level 9 in Stealth
     0 | D:5      | Feb132020 the Gnoll Delver began the quest for the Orb.
     0 | D:5      | Reached XP level 1. HP: 23/23 MP: 1/1
     7 | D:5      | Noticed a water moccasin
   114 | D:4      | Reached skill level 1 in Invocations
   114 | D:4      | Reached XP level 2. HP: 29/29 MP: 1/3
   114 | D:4      | Reached XP level 3. HP: 35/35 MP: 1/4
   243 | D:3      | Found Hieduphu's Assorted Antiques.
   296 | D:3      | Found a blossoming altar of Fedhas.
   406 | D:2      | Reached skill level 1 in Long Blades
   406 | D:2      | Reached skill level 1 in Axes
   406 | D:2      | Reached skill level 1 in Maces & Flails
   406 | D:2      | Reached skill level 1 in Polearms
   406 | D:2      | Reached skill level 1 in Staves
   406 | D:2      | Reached skill level 1 in Slings
   406 | D:2      | Reached skill level 1 in Bows
   406 | D:2      | Reached skill level 1 in Crossbows
   406 | D:2      | Reached skill level 1 in Throwing
   406 | D:2      | Reached skill level 1 in Armour
   406 | D:2      | Reached skill level 1 in Shields
   406 | D:2      | Reached skill level 1 in Unarmed Combat
   406 | D:2      | Reached skill level 1 in Spellcasting
   406 | D:2      | Reached skill level 1 in Evocations
   410 | D:2      | Reached XP level 4. HP: 41/41 MP: 5/5
  1038 | D:1      | Found a faded altar of an unknown god.
  1046 | D:1      | Became a worshipper of Elyvilon the Healer
  1046 | D:1      | Reached * piety under Elyvilon
  1694 | D:2      | Reached skill level 1 in Conjurations
  1694 | D:2      | Reached skill level 1 in Hexes
  1694 | D:2      | Reached skill level 1 in Summonings
  1694 | D:2      | Reached skill level 1 in Necromancy
  1694 | D:2      | Reached skill level 1 in Translocations
  1694 | D:2      | Reached skill level 1 in Transmutations
  1694 | D:2      | Reached skill level 1 in Fire Magic
  1694 | D:2      | Reached skill level 1 in Ice Magic
  1694 | D:2      | Reached skill level 1 in Air Magic
  1694 | D:2      | Reached skill level 1 in Earth Magic
  1694 | D:2      | Reached skill level 1 in Poison Magic
  1812 | D:2      | Found a runed translucent door.
  1813 | D:2      | Noticed Crazy Yiuf
  2172 | D:3      | Reached XP level 5. HP: 47/47 MP: 6/6
  2504 | D:3      | Reached ** piety under Elyvilon
  3375 | D:4      | Reached XP level 6. HP: 53/53 MP: 8/8
  3883 | D:5      | Learned a level 1 spell: Corona
  3916 | D:5      | Noticed a water moccasin
  4087 | D:5      | Reached skill level 5 in Short Blades
  4087 | D:5      | Reached skill level 5 in Dodging
  4251 | D:5      | Reached *** piety under Elyvilon
  4488 | D:5      | Reached XP level 7. HP: 59/59 MP: 10/10
  5426 | D:5      | Reached skill level 10 in Stealth
  5426 | D:5      | Reached XP level 8. HP: 67/67 MP: 12/12
  6048 | D:6      | Identified a scroll of acquirement
  6049 | D:6      | Acquired the +3 shortbow of the Imperium {flame, rPois rF+
                  | Dex+8}
  6397 | D:6      | Found a staircase to the Ecumenical Temple.
  6405 | Temple   | Entered the Ecumenical Temple
  6792 | D:3      | Bought a smoky blue potion for 22 gold pieces
  6792 | D:3      | Bought an embroidered robe for 92 gold pieces
  6804 | D:3      | Learned a level 1 spell: Sandblast
  7590 | D:7      | Learned a level 2 spell: Passwall
  7796 | D:7      | Reached **** piety under Elyvilon
  7870 | D:7      | Reached XP level 9. HP: 57/73 MP: 11/14
  9929 | D:8      | Reached skill level 5 in Invocations
 10038 | D:8      | Reached ***** piety under Elyvilon
 10570 | D:8      | Reached XP level 10. HP: 73/80 MP: 17/17
 10751 | D:8      | Reached skill level 5 in Long Blades
 10751 | D:8      | Reached skill level 5 in Axes
 10751 | D:8      | Reached skill level 5 in Maces & Flails
 10751 | D:8      | Reached skill level 5 in Polearms
 10751 | D:8      | Reached skill level 5 in Staves
 10751 | D:8      | Reached skill level 5 in Slings
 10751 | D:8      | Reached skill level 5 in Bows
 10751 | D:8      | Reached skill level 5 in Crossbows
 10751 | D:8      | Reached skill level 5 in Throwing
 10751 | D:8      | Reached skill level 5 in Armour
 10751 | D:8      | Reached skill level 5 in Shields
 10751 | D:8      | Reached skill level 5 in Unarmed Combat
 10751 | D:8      | Reached skill level 5 in Spellcasting
 10751 | D:8      | Reached skill level 5 in Evocations
 10896 | D:8      | Noticed Maurice
 11295 | D:8      | Killed Maurice
 11513 | D:9      | Found a staircase to the Lair.
 11513 | D:9      | Noticed an elephant
 11513 | D:9      | Noticed a two-headed ogre
 11515 | D:9      | Killed a two-headed ogre
 12026 | Lair:1   | Entered Level 1 of the Lair of Beasts
 12102 | Lair:1   | Reached skill level 11 in Stealth
 12397 | Lair:1   | Noticed a cane toad
 12402 | Lair:1   | Noticed a cane toad
 12405 | Lair:1   | Noticed a cane toad
 12408 | Lair:1   | Pacified a cane toad
 12412 | Lair:1   | Killed a cane toad
 12413 | Lair:1   | Killed a cane toad
 12422 | Lair:1   | Noticed Joseph
 12434 | Lair:1   | Noticed a cane toad
 12469 | Lair:1   | Killed Joseph
 12641 | Lair:1   | Noticed a cane toad
 12759 | Lair:1   | Quit the game

Illustrated notes

Levels and vault maps discovered:
D:1:      dpeg_cavernosity, layout_loops_ring, hellmonk_ecumenical_altar_zigzags
D:2:      layout_basic, eino_tiny_chamber, uniq_crazy_yiuf_cottage
D:3:      kennysheep_big_flooded_room, layout_loops_ring, lemuel_round_altar,
          serial_shops, nicolae_shop_overgrown_old_shop, minmay_cupped
D:4:      layout_gridville, serial_rivers, chequers_serial_rivers_marsh,
          chequers_serial_rivers_small_b, chequers_serial_rivers_large_a,
          chequers_serial_rivers_micro_a, chequers_serial_rivers_room_b,
          chequers_serial_rivers_small_3
D:5:      layout_basic, enter_ossuary_2
D:6:      layout_rooms, minmay_temple_entry_proselytizer, minivault_11,
          lexackson_kobold_supper
D:7:      layout_gridville, kennysheep_donut
D:8:      layout_basic, wad_floor_pattern_1, uniq_maurice
D:9:      kennysheep_six_static_rooms, layout_basic, david_lair_generic
Temple:   roderic_octagonal_lattice_temple
Lair:1:   layout_loops_ring, grunt_forest_small_clearing_treed,
          grunt_megastairs_5, uniq_joseph

Skill      XL: |  1  2  3  4  5  6  7  8  9 10 |
---------------+-------------------------------+-----
Stealth        | 10 11 | 11.0
Invocations    | 1 2 3 4 5 6 |  6.3
Long Blades    | 1 2 3 4 5 |  5.7
Axes           | 1 2 3 4 5 |  5.7
Maces & Flails | 1 2 3 4 5 |  5.7
Polearms       | 1 2 3 4 5 |  5.7
Staves         | 1 2 3 4 5 |  5.7
Slings         | 1 2 3 4 5 |  5.7
Bows           | 1 2 3 4 5 |  5.7
Crossbows      | 1 2 3 4 5 |  5.7
Throwing       | 1 2 3 4 5 |  5.7
Armour         | 1 2 3 4 5 |  5.7
Shields        | 1 2 3 4 5 |  5.7
Unarmed Combat | 1 2 3 4 5 |  5.7
Spellcasting   | 1 2 3 4 5 |  5.7
Evocations     | 1 2 3 4 5 |  5.7
Conjurations   | 1 2 3 4 |  4.7
Hexes          | 1 2 3 4 |  4.7
Summonings     | 1 2 3 4 |  4.7
Necromancy     | 1 2 3 4 |  4.7
Translocations | 1 2 3 4 |  4.7
Transmutations | 1 2 3 4 |  4.7
Fire Magic     | 1 2 3 4 |  4.7
Ice Magic      | 1 2 3 4 |  4.7
Air Magic      | 1 2 3 4 |  4.7
Earth Magic    | 1 2 3 4 |  4.7
Poison Magic   | 1 2 3 4 |  4.7
Short Blades   | 5 6 7 |  7.4
Dodging        | 5 6 7 |  7.4
Fighting       | 7 8 |  8.8

Action                   |  1- 3 |  4- 6 |  7- 9 | 10-12 || total
-------------------------+-------+-------+-------+-------++-------
Melee: Short sword       |     8 |   108 |   211 |   162 ||   489
       Bite              |     2 |    14 |    46 |    13 ||    75
       Rapier            |       |    88 |    36 |       ||   124
       Punch             |       |     1 |     3 |     4 ||     8
       Dagger            |       |       |   219 |       ||   219
       Shortbow          |       |       |     5 |       ||     5
 Fire: Shortbow          |       |       |    77 |    70 ||   147
Throw: Dart              |       |     3 |       |     5 ||     8
 Cast: Passwall          |       |       |     7 |       ||     7
       Corona            |       |       |       |     1 ||     1
       Sandblast         |       |       |       |     1 ||     1
Invok: Heal Other        |       |       |       |     3 ||     3
  Use: Scroll            |       |     9 |    11 |     4 ||    24
       Potion            |       |     2 |     2 |     1 ||     5
 Stab: Sleeping          |     5 |    22 |    15 |     1 ||    43
       Invisible         |       |       |       |     4 ||     4
Armor: Skin              |       |    12 |       |       ||    12
       Leather armour    |       |    32 |    65 |       ||    97
       Robe              |       |       |    64 |    66 ||   130
Dodge: Dodged            |     2 |    92 |   278 |   146 ||   518

Table legend: (Time is in decaauts)
 A = Elapsed time spent in this place.
 B = Non-inter-level travel time spent in this place.
 C = Inter-level travel time spent in this place.
 D = Time resting spent in this place.
 E = Time spent auto-exploring this place.
 F = Levels seen in this place.
 G = Mean time per level.
                   A        B        C        D        E       F      G
               +--------+--------+--------+--------+--------+-----+--------+
         Total |  12592 |  11682 |    910 |   1109 |   8226 |  11 | 1144.7 |
       Dungeon |  11575 |  10693 |    882 |    699 |   7894 |   9 | 1286.1 |
        Temple |    305 |    279 |     26 |      0 |    278 |   1 |  305.0 |
          Lair |    710 |    708 |      2 |    410 |     54 |   1 |  710.0 |
               +--------+--------+--------+--------+--------+-----+--------+

Top non-repeatable levels by time:
     D:7: 2759 daAuts
     D:5: 2203 daAuts
     D:1: 1107 daAuts
     D:8: 1094 daAuts
     D:3: 1060 daAuts
     D:4: 1058 daAuts
     D:6: 953 daAuts
     D:2: 804 daAuts
  Lair:1: 710 daAuts
     D:9: 533 daAuts
  Temple: 305 daAuts
